 Dungeon Crawl Stone Soup version 0.29.1-12-g30fa7ad0bf (webtiles) character file.

Game seed: 2966997441222100452

49 unlimited1921 the Ogre Mage (level 3, 0/31 HPs)
             Began as an Ogre Air Elementalist on Dec 27, 2022.
             Succumbed to an adder's poison
             ... on level 2 of the Dungeon.
             The game lasted 00:14:38 (2877 turns).

unlimited1921 the Ogre Mage (Ogre Air Elementalist) Turns: 2877, Time: 00:14:39

Health: 0/31       AC:  4    Str: 12    XL:     3   Next: 77%
Magic:  0/7        EV:  9    Int: 18    God:
Gold:   91         SH:  0    Dex:  9    Spells: 1/8 levels left

rFire   . . .      SeeInvis .   l - +0 war axe
rCold   . . .      Faith    .   (no shield)
rNeg    . . .      Spirit   .   a - +0 robe
rPois   .          Reflect  .   (helmet restricted)
rElec   .          Harm     .   g - +0 cloak
rCorr   .          Rampage  .   (gloves unavailable)
Will    .....                   (boots unavailable)
Stlth   ++........              (no amulet)
HPRegen 0.10/turn               (no ring)
MPRegen 0.10/turn               (no ring)

@: brilliant, lethally poisoned (0 -> -4), flying, very slightly contaminated
A: large, unfitting armour, tough skin 1
a: no special abilities


You were on level 2 of the Dungeon.
You visited 1 branch of the dungeon, and saw 2 of its levels.

You collected 91 gold pieces.

Inventory:

Hand Weapons
 k - a +0 short sword
 l - a +0 war axe (weapon)
 t - a +0 long sword
Missiles
 m - 2 poisoned darts
 q - a throwing net
Armour
 a - a +0 robe (worn)
 g - a +0 cloak (worn)
Jewellery
 e - a ring of ice
Wands
 w - a wand of paralysis (5)
Scrolls
 c - 2 scrolls of teleportation {unknown}
 h - a scroll of fear {unknown}
 j - 3 scrolls of blinking {unknown}
 n - a scroll of enchant weapon {unknown}
 o - a scroll of identify {unknown}
 p - a scroll of magic mapping {unknown}
 r - a scroll of immolation {unknown}
 v - 2 scrolls of noise {unknown}
Potions
 b - a potion of magic
 d - a potion of flight
 f - a potion of brilliance
 i - a potion of resistance {unknown}
 s - a potion of curing {unknown}
 u - a potion of heal wounds {unknown}


   Skills:
 + Level 0.2 Fighting
 + Level 0.4 Axes
 + Level 1.8 Dodging
 + Level 1.6 Stealth
 + Level 0.1 Unarmed Combat
 * Level 3.1 Spellcasting
 + Level 1.6 Conjurations
 + Level 3.1 Air Magic


You had one spell level left.
You knew the following spells:

 Your Spells              Type           Power      Damage    Failure   Level
a - Shock                 Conj/Air       68%        1d7       6%          1
b - Sandblast             Erth           8%         2d5       16%         1
c - Passwall              Tmut/Erth      3%         N/A       24%         2
d - Stone Arrow           Conj/Erth      16%        3d8       34%         3

Your spell library contained the following spells:

 Spells                   Type           Power      Damage    Failure   Level
 Static Discharge         Conj/Air       17%        3-6/arc   9%          2
 Swiftness                Air            21%        N/A       14%         3
 Airstrike                Air            10%        2d(2-18)  41%         4


Dungeon Overview and Level Annotations

Branches:
Dungeon (2/15)

Altars:


Innate Abilities, Weirdness & Mutations

You are too large for most types of armour.
You have tough skin. (AC +1)


Message History

Confirm with . or Enter, or press ? or * to list all spells.
Aiming: Sandblast (safe; 16% risk of failure)
Press: ? - help, Shift-Dir - straight line, f - adder
Aim: an adder (heavily wounded, 68% to hit)
You miscast Sandblast.
You are very lightly contaminated with residual magic.
Nothing appears to happen.
* * * LOW HITPOINT WARNING * * *
You feel very sick. The adder misses you.
Unknown command.
Casting: Sandblast (safe; 16% risk of failure)
Confirm with . or Enter, or press ? or * to list all spells.
Aiming: Sandblast (safe; 16% risk of failure)
Press: ? - help, Shift-Dir - straight line, f/p - adder
Aim: an adder (heavily wounded, 68% to hit)
The blast of sand hits the adder.
The adder is severely wounded.
* * * LOW HITPOINT WARNING * * *
You feel sick. The adder bites you.
* * * LOW HITPOINT WARNING * * *
The adder bites you but does no damage.
Casting: Sandblast (safe; 16% risk of failure)
Confirm with . or Enter, or press ? or * to list all spells.
Aiming: Shock (safe; 6% risk of failure)
Press: ? - help, Shift-Dir - straight line, f/p - adder
Aim: an adder (severely wounded, 48% to hit)
The zap hits the adder.
The adder is almost dead.
* * * LOW HITPOINT WARNING * * *
You feel sick. The adder bites you.
* * * LOW HITPOINT WARNING * * *
It was a potion of flight.
You feel very buoyant.
You fly up into the air.
* * * LOW HITPOINT WARNING * * *
You feel sick. The adder barely misses you. x2
It was a potion of brilliance.
You feel clever all of a sudden.
You die...

.............##..♣♣
.....#..####.##...♣
###....)..........#
####..##.#.##...#
#............######
#.###.#.##........# # #.#
#.#.##..##.... ...
####.###.#.##..##.##....P
#..........##.@S.....P♣
###.##...........##.#)♣♣♣
.##.###.##..###>.##)# .♣
....##...#..###...... .P
.............†..###.## .†
..(.##...#..........# ..
<.......##.####.##### .
....(......# #.#
############ #..


You could see an adder.

Vanquished Creatures
  A dart slug (D:1)
  6 ball pythons
  3 goblins
  8 hobgoblins
  8 jackals
  A quokka (D:1)
  4 bats
  2 frilled lizards
  6 kobolds
  2 rats (D:2)
41 creatures vanquished.

Vanquished Creatures (others)
  2 plants (D:2)
2 creatures vanquished.

Grand Total: 43 creatures vanquished

Notes
Turn   | Place    | Note
-------+----------+-------------------------------------------
     0 | D:1      | unlimited1921 the Ogre Air Elementalist began the quest for
                  | the Orb.
     0 | D:1      | Reached XP level 1. HP: 16/16 MP: 3/3
   386 | D:1      | Reached skill level 1 in Conjurations
   506 | D:1      | Reached XP level 2. HP: 24/24 MP: 1/5
   942 | D:1      | Reached XP level 3. HP: 17/31 MP: 0/7
  2182 | D:2      | Found a faded altar of an unknown god.
  2507 | D:2      | Learned a level 1 spell: Sandblast
  2510 | D:2      | Learned a level 2 spell: Passwall
  2515 | D:2      | Learned a level 3 spell: Stone Arrow
  2876 | D:2      | HP: 1/31 [poisoned by an adder]
  2877 | D:2      | Succumbed to an adder's poison

Illustrated notes

Levels and vault maps discovered:
D:1:      lightli_iron_boxes, layout_rooms
D:2:      layout_loops_ring, shapermc_ecumenical_altar_pompeii, serial_forest,
          infiniplex_forest_clump_medium, infiniplex_forest_lined_room_2,
          infiniplex_forest_clump_double, infiniplex_forest_corner_1,
          infiniplex_forest_clump_curved, infiniplex_forest_zigzag_1,
          infiniplex_forest_end_3

Skill      XL: |  1  2 |
---------------+-------+-----
Conjurations   | 1 |  1.6
Air Magic      | 3 |  3.1
Spellcasting   | 3 |  3.1
Fighting       | |  0.2
Axes           | |  0.4
Dodging        | |  1.8
Stealth        | |  1.6
Unarmed Combat | |  0.1

Action                   || total
-------------------------++-------
Melee: Unarmed           ||     9
       War axe           ||    72
 Cast: Shock             ||    63
       Sandblast         ||     1
  Use: Potion            ||     2
 Stab: Sleeping          ||     1
Armor: Robe              ||    34
Dodge: Dodged            ||    82
